 Dungeon Crawl Stone Soup version 0.29.1-15-g9cfb28693d (webtiles) character file.

Game seed: 14677001796673489471

126 ChrisAssaf the Sneak (level 4, 0/37 HPs)
             Began as a Draconian Brigand on Apr 28, 2023.
             Slain by an ogre
             ... wielding a +0 giant club
              (26 damage)
             ... on level 4 of the Dungeon.
             The game lasted 00:05:08 (1372 turns).

ChrisAssaf the Sneak (Draconian Brigand)            Turns: 1372, Time: 00:05:08

Health: 0/37       AC:  6    Str: 14    XL:     4   Next: 84%
Magic:  5/5        EV: 12    Int: 13    God:
Gold:   60         SH:  0    Dex: 12    Spells: 4/4 levels left

rFire   . . .      SeeInvis .   a - +2 dagger
rCold   . . .      Faith    .   (no shield)
rNeg    . . .      Spirit   .   (body armour unavailable)
rPois   .          Reflect  .   (helmet restricted)
rElec   .          Harm     .   b - +0 cloak
rCorr   .          Rampage  .   (no gloves)
Will    .....                   (no boots)
Stlth   +++.......              (no amulet)
HPRegen 0.12/turn               (no ring)
MPRegen 0.09/turn               (no ring)

@: no status effects
A: AC +5, unfitting armour, cold-blooded
a: no special abilities


You were on level 4 of the Dungeon.
You visited 1 branch of the dungeon, and saw 4 of its levels.

You collected 60 gold pieces.

Inventory:

Hand Weapons
 a - a +2 dagger (weapon)
 l - a +0 sling
Missiles
 c - 7 poisoned darts (quivered)
 d - 3 curare-tipped darts
Armour
 b - a +0 cloak (worn)
Jewellery
 e - a ring of protection from fire
Wands
 f - a wand of polymorph (5)
Scrolls
 k - 2 scrolls of noise
 m - a scroll of immolation
Potions
 g - a potion of lignification
 h - a potion of flight {unknown}
 i - 2 potions of heal wounds {unknown}
 j - a potion of degeneration {unknown}


   Skills:
 * Level 2.5 Fighting
 * Level 2.3 Short Blades
 * Level 0.8 Ranged Weapons
 * Level 2.3 Throwing
 * Level 1.4 Dodging
 * Level 4.8 Stealth
 * Level 0.9 Spellcasting


You had 4 spell levels left.
You didn't know any spells.
Your spell library was empty.

Dungeon Overview and Level Annotations

Branches:
Dungeon (4/15)
 Temple: D:4-7

Altars:


Innate Abilities, Weirdness & Mutations

Your plain brown scales are hard. (AC +5)
You cannot fit into any form of body armour.
You are cold-blooded and may be slowed by cold attacks.


Message History

The endoplasm barely misses you.
You hit the hobgoblin.
The hobgoblin is moderately wounded.
The hobgoblin closely misses you. The endoplasm closely misses you.
You barely miss the hobgoblin.
The hobgoblin is moderately wounded.
The endoplasm freezes you.
You are frozen.
You feel yourself slow down. The hobgoblin closely misses you.
You barely miss the hobgoblin.
You tail-slap the hobgoblin, but do no damage.
The hobgoblin is moderately wounded.
The endoplasm freezes you.
You are frozen.
You feel as though you will be slow longer.
The hobgoblin barely misses you.
You hit the hobgoblin.
The hobgoblin is severely wounded.
The endoplasm hits you but does no damage.
The hobgoblin closely misses you. The hobgoblin barely misses you.
The endoplasm barely misses you.
You hit the hobgoblin.
The hobgoblin is almost dead.
The endoplasm freezes you.
You are frozen.
The hobgoblin barely misses you.
You hit the hobgoblin.
You kill the hobgoblin!
The endoplasm misses you. The endoplasm attacks as you move away!
The endoplasm barely misses you. The endoplasm freezes you.
You are frozen.
You feel as though you will be slow longer.
You see here a scroll of identify.
The endoplasm hits you but does no damage.
You feel yourself speed up.
The helpless ogre fails to defend itself.
You impale the ogre!!
The ogre is severely wounded.
The ogre hits you with a +0 giant club!!
Ouch! That really hurt!
You die...

#. #..############ #
##......#......# #
.......@J.### #
......O.....############
.............##.........
...........?.....#######
.................#......
.....................#..
.......................
.........^...........#.
........<...$........


You could see an ogre and an endoplasm.

Vanquished Creatures
  2 hounds (D:4)
  2 adders
  A worm (D:3)
  A dart slug (D:1)
  2 bats
  5 endoplasms
  A giant cockroach (D:2)
  5 goblins
  3 hobgoblins
  2 quokkas (D:4)
  3 ball pythons
  2 frilled lizards (D:1)
  7 kobolds
  2 rats (D:1)
38 creatures vanquished.

Vanquished Creatures (collateral kills)
  An adder (D:4)
1 creature vanquished.

Grand Total: 39 creatures vanquished

Notes
Turn   | Place    | Note
-------+----------+-------------------------------------------
     0 | D:1      | ChrisAssaf the Draconian Brigand began the quest for the
                  | Orb.
     0 | D:1      | Reached XP level 1. HP: 17/17 MP: 1/1
    66 | D:1      | Reached skill level 1 in Dodging
   374 | D:1      | Reached XP level 2. HP: 22/24 MP: 2/2
   473 | D:2      | Reached skill level 4 in Stealth
   511 | D:2      | Reached XP level 3. HP: 30/30 MP: 3/3
   947 | D:4      | Reached XP level 4. HP: 17/37 MP: 4/4
  1358 | D:4      | Noticed an ogre
  1372 | D:4      | Slain by an ogre

Illustrated notes

Levels and vault maps discovered:
D:1:      elethiomel_arrival_infinity_welcomes_careful_drivers, layout_basic
D:2:      minmay_kobold_bridge, layout_basic, hangedman_abyss_or_decor_stabs,
          minmay_misc_feat_hallway, nicolae_eternal_life, fountainhead,
          minmay_misc_feat_rugged, minmay_tiny_reverse_x
D:3:      layout_basic, dreamdust_ecumenical_altar_grove, amethyst_killhole
D:4:      minmay_goblin_kobold_castle, layout_layer_cave,
          minmay_temple_entry_purple_smoke, nicolae_ossuary_entry_catacombs,
          columned_hall_lemuel

Skill      XL: |  1  2  3 |
---------------+----------+-----
Dodging        | 1 |  1.4
Stealth        | 4 |  4.8
Throwing       | 2 |  2.3
Fighting       | |  2.5
Short Blades   | |  2.3
Ranged Weapons | |  0.8
Spellcasting   | |  0.9

Action                   |  1- 3 |  4- 6 || total
-------------------------+-------+-------++-------
Melee: Dagger            |    77 |    28 ||   105
       Tailslap          |     4 |     3 ||     7
       Punch             |     1 |       ||     1
 Fire: Sling             |     4 |       ||     4
Throw: Dart              |    17 |       ||    17
  Use: Scroll            |     6 |       ||     6
       Potion            |     3 |     1 ||     4
 Stab: Sleeping          |     6 |     1 ||     7
Armor: Skin              |    38 |    14 ||    52
Dodge: Dodged            |    62 |    35 ||    97
